 Dungeon Crawl Stone Soup version 0.27.0-1-g7a089689b8 (webtiles) character file.

Game seed: 9964792374162381985

67 theswoord the Twirler (level 4, -1/33 HPs)
             Began as a Demonspawn Gladiator on Aug 6, 2021.
             Was a Believer of Jiyva.
             Slain by Ijyb (6 damage)
             ... on level 3 of the Dungeon.
             The game lasted 00:02:14 (2123 turns).

theswoord the Twirler (Demonspawn Gladiator)        Turns: 2123, Time: 00:02:15

Health: -1/33      AC: 11    Str: 17    XL:     4   Next: 0%
Magic:  4/4        EV:  5    Int:  9    God:    Jiyva [**....]
Gold:   142        SH:  0    Dex: 13    Spells: 3/3 levels left

rFire    . . .     SeeInvis .   a - +0 quarterstaff
rCold    + . .     Faith    .   (shield currently unavailable)
rNeg     . . .     Spirit   .   f - +0 plate armour
rPois    .         Reflect  .   c - +0 helmet
rElec    .         Harm     .   (no cloak)
rCorr    .         Rampage  .   (no gloves)
Will     .....                  (no boots)
Stlth    ..........             h - amulet of the acrobat
HPRegen  0.11/turn              g - ring of protection from cold
MPRegen  0.09/turn              (no ring)

@: no status effects
A: demonic magic 2
a: Renounce Religion, Request Jelly


You were on level 3 of the Dungeon.
You worshipped Jiyva.
Jiyva was pleased with you.
You visited 1 branch of the dungeon, and saw 3 of its levels.

You collected 142 gold pieces.

Inventory:

Hand Weapons
 a - a +0 quarterstaff (weapon)
Missiles
 d - 3 throwing nets (quivered)
Armour
 b - a +0 leather armour
 c - a +0 helmet (worn)
 f - a +0 plate armour (worn)
Jewellery
 g - a ring of protection from cold (left hand)
 h - an amulet of the acrobat (around neck)


   Skills:
 - Level 2.0 Fighting
 + Level 4.4 Staves
 - Level 1.7 Throwing
 - Level 2.6 Dodging


You had 3 spell levels left.
You didn't know any spells.
Your spell library was empty.

Dungeon Overview and Level Annotations

Branches:
Dungeon (3/15)

Altars:
Jiyva

Annotations:
D:3 Ijyb


Innate Abilities, Weirdness & Mutations

Spells you cast may paralyse nearby enemies.


Message History

The adder is heavily wounded.
The adder bites you but does no damage. The adder bites you.
You closely miss the adder.
The adder is heavily wounded.
The adder bites you but does no damage.
You sock the adder!
You kill the adder!
You have reached level 4!
You feel stronger.
As you read the scroll labelled GOIZUL QUSEQU, it crumbles to dust.
You feel strangely unstable.
It was a scroll of teleportation.
As you read the scroll labelled ZOSENL UHELL, it crumbles to dust.
You hear a loud clanging noise!
It was a scroll of noise.
You hear a shout! x5
Your surroundings suddenly seem different.
You hear a distant slurping noise.
HP restored.
Found a stone staircase leading up.
Found a stone staircase leading down.
Found a leather armour.
Ijyb the Twisted Goblin comes into view.
She is wielding a +0 quarterstaff and carrying a wand of iceblast (10).
Ijyb is nearby!
Ijyb zaps a wand.
The mass of ice explodes!
The iceblast engulfs you! You partially resist. Ijyb screams, "I no like you!"
Ijyb zaps a wand.
The mass of ice explodes!
The iceblast engulfs you! You partially resist.
* * * LOW HITPOINT WARNING * * *
Found a robe.
Ijyb closely misses you.
You hit Ijyb but do no damage.
Ijyb is lightly wounded.
Ijyb hits you with a +0 quarterstaff!
* * * LOW HITPOINT WARNING * * *
You aren't carrying any potions.
You hit Ijyb but do no damage.
Ijyb is lightly wounded.
Ijyb hits you with a +0 quarterstaff.
You die...

≈[≈.. ≈≈..#
.... # ... ..
..##.# ..#.#...
##g#.#...
..####@...##.#
...........##.#
...####...###.#
##.## #.#
#.####.#
#......#
#..[..##
###########
#.....#
..........#
##....#


You could see Ijyb.

Vanquished Creatures
  3 adders
  An orc (D:2)
  3 ball pythons
  3 giant cockroaches
  4 goblins
  4 hobgoblins
  7 jackals (D:1)
  3 bats
  2 frilled lizards
  3 kobolds
  3 rats
36 creatures vanquished.

Vanquished Creatures (others)
  2 jellies (D:3)
  A gnoll (D:3)
  An orc (D:3)
  10 fungi (D:1)
  3 toadstools (D:1)
17 creatures vanquished.

Grand Total: 53 creatures vanquished

Notes
Turn   | Place    | Note
-------+----------+-------------------------------------------
     0 | D:1      | theswoord the Demonspawn Gladiator began the quest for the
                  | Orb.
     0 | D:1      | Reached XP level 1. HP: 16/16 MP: 1/1
   115 | D:1      | Reached skill level 3 in Staves
   119 | D:1      | Gained mutation: Spells you cast may paralyse adjacent
                  | enemies. [demonic ancestry]
   119 | D:1      | Reached XP level 2. HP: 16/22 MP: 2/2
   154 | D:1      | Found a faded altar of an unknown god.
   389 | D:1      | Became a worshipper of Jiyva Jafrev the Shapeless
   389 | D:1      | Reached * piety under Jiyva
  1252 | D:2      | Reached skill level 4 in Staves
  1252 | D:2      | Gained mutation: Spells you cast may paralyse nearby
                  | enemies. [demonic ancestry]
  1252 | D:2      | Reached XP level 3. HP: 21/27 MP: 3/3
  2040 | D:3      | Reached ** piety under Jiyva
  2062 | D:3      | Reached XP level 4. HP: 30/33 MP: 4/4
  2117 | D:3      | Noticed Ijyb
  2123 | D:3      | Slain by Ijyb

Skill      XL: |  1  2 |
---------------+-------+-----
Staves         | 3 4 |  4.4
Fighting       | |  2.0
Throwing       | |  1.7
Dodging        | |  2.6

Action                   |  1- 3 |  4- 6 || total
-------------------------+-------+-------++-------
Melee: Quarterstaff      |   134 |     2 ||   136
  Use: Scroll            |       |     2 ||     2
Armor: Leather armour    |    15 |       ||    15
       Plate armour      |    59 |       ||    59
Dodge: Dodged            |    71 |     1 ||    72

Levels and vault maps discovered:
D:1:      dpeg_arrival_shelter, layout_rooms,
          hellmonk_ecumenical_altar_crossroads, minmay_gold_behind_fungi
D:2:      layout_loops_ring, minmay_statues_item
D:3:      layout_loops_ring, serial_shops, nicolae_lakefront_shop,
          corexii_item_surrounded_by_moat, uniq_jessica, uniq_ijyb
